 Dungeon Crawl Stone Soup version 0.21.0-3-g78d12a8 (webtiles) character file.

3603 Dfrag the Destroyer (level 9, -5/57 HPs)
             Began as a Demonspawn Fire Elementalist on Jan 11, 2018.
             Was a Follower of Vehumet.
             Killed from afar by Erica (13 damage)
             ... with an orb of energy
             ... on level 8 of the Dungeon.
             The game lasted 00:12:06 (7150 turns).

Dfrag the Destroyer (Demonspawn Fire Elementalist)  Turns: 7150, Time: 00:12:06

Health: -5/57      AC:  6    Str:  9    XL:     9   Next: 86%
Magic:  20/20      EV: 15    Int: 19    God:    Vehumet [*.....]
Gold:   305        SH:  4    Dex: 14    Spells: 10/23 levels left

rFire    + . .     SeeInvis .   l - +3 falchion
rCold    + . .     Gourm    .   (no shield)
rNeg     . . .     Faith    .   a - +0 robe
rPois    .         Spirit   .   m - +1 helmet of Anarchy {rElec rC+ rCorr}
rElec    +         Reflect  +   B - scarf {repulsion}
rCorr    +         Harm     .   (no gloves)
MR       .....                  (no boots)
Stlth    ++........             A - +4 amulet of reflection
HPRegen  0.19/turn              j - ring of protection from fire
MPRegen  0.17/turn              E - +3 ring of evasion

@: lethally poisoned (-5 -> -8), repel missiles
A: claws 1, molten scales 1, powered by death 2
a: Renounce Religion


You were on level 8 of the Dungeon.
You worshipped Vehumet.
Vehumet was aware of your devotion.
You were not hungry.

You visited 2 branches of the dungeon, and saw 9 of its levels.

You collected 305 gold pieces.

Inventory:

Hand Weapons
 l - a +3 falchion (weapon)
Armour
 a - a +0 robe (worn)
 m - the +1 helmet of Anarchy (worn) {rElec rC+ rCorr}
   (You took it off Robin on level 2 of the Dungeon)

   It protects you from cold.
   It insulates you from electricity.
   It protects you from acid and corrosion.
 B - a scarf of repulsion (worn)
Jewellery
 j - a ring of protection from fire (left claw)
 A - a +4 amulet of reflection (around neck)
 E - a +3 ring of evasion (right claw)
Wands
 u - a wand of digging (6)
 x - a wand of polymorph (26)
Scrolls
 d - 3 scrolls of random uselessness
 e - a scroll of noise
 n - 5 scrolls of remove curse {unknown}
 o - 3 scrolls of blinking
 r - 5 scrolls of magic mapping
 s - 9 scrolls of teleportation {unknown}
 v - a scroll of fear {unknown}
 y - 2 scrolls of fog
 F - a scroll of enchant weapon {unknown}
Potions
 f - a potion of curing
 g - a potion of haste
 h - a potion of agility {unknown}
 i - a potion of cancellation {unknown}
 k - a potion of invisibility {unknown}
 p - a potion of flight {unknown}
 q - 2 potions of magic {unknown}
 t - a potion of berserk rage {unknown}
 w - a potion of ambrosia {unknown}
 z - 3 potions of might {unknown}
 C - a potion of lignification {unknown}
 D - a potion of degeneration {unknown}
Books
 b - a book of Flames

   Spells                             Type                      Level
   a - Flame Tongue                   Conjuration/Fire             1
   b - Throw Flame                    Conjuration/Fire             2
   c - Conjure Flame                  Conjuration/Fire             3
   d - Inner Flame                    Hexes/Fire                   3
   e - Sticky Flame                   Conjuration/Fire             4
   f - Fireball                       Conjuration/Fire             5
 G - a book of Air

   Spells                             Type                      Level
   a - Shock                          Conjuration/Air              1
   b - Swiftness                      Charms/Air                   2
   c - Static Discharge               Conjuration/Air              3
   d - Airstrike                      Air                          4
   e - Lightning Bolt                 Conjuration/Air              5
Comestibles
 c - 17 rations
 H - 3 chunks of flesh


   Skills:
 - Level 1.7 Dodging
 - Level 1.7 Stealth
 + Level 7.8 Spellcasting
 + Level 8.2 Conjurations
 + Level 8.0 Fire Magic


You had 10 spell levels left.
You knew the following spells:

 Your Spells              Type           Power        Failure   Level  Hunger
a - Flame Tongue          Conj/Fire      #####        1%          1    None
b - Conjure Flame         Conj/Fire      #####...     1%          3    #......
c - Sticky Flame          Conj/Fire      #####...     3%          4    ###....
d - Fireball              Conj/Fire      #####.....   9%          5    #####..


Dungeon Overview and Level Annotations

Branches:
Dungeon (8/15)             Temple (1/1) D:6
   Lair: D:8-11

Altars:
Ashenzari
Dithmenos
Elyvilon
Gozag
Hepliaklqana
Kikubaaqudgha
Makhleb
Okawaru
Qazlal
Ru
Sif Muna
Uskayaw
Vehumet
Zin
The Shining One

Shops:
D:4 [:

Annotations:
D:8 Erica


Innate Abilities, Weirdness & Mutations

You have sharp fingernails.
You are partially covered in molten scales. (AC +2)
You regenerate health from kills.


Message History

Okay, then.
You feel sick. Erica gestures at you while chanting.
The orb of energy hits the leopard gecko.
The leopard gecko dies!
The orb of energy explodes!
The mystic blast hits you!
* * * LOW HITPOINT WARNING * * *
You feel sick.
Erica mumbles some strange words.
Erica flickers and vanishes!
Deactivating autopickup; reactivate with Ctrl-A.
Okay, then.
You feel sick.
You feel sick.
You feel sick.
You feel sick.
You feel sick.
An orb of energy appears from out of thin air!
The orb of energy hits you!
You die...

#######...######
#############...............
#...........#.#####...######
..####.#....{......# #####
#...........####.###
######.#...## #.# #.##.##
#.# .....@.#### #.# .@..####
#@# ### #.##### #.#..<#
#.....## ####.....##
..........# ####.....##
##....# ##.#.#


There were no monsters in sight!

Vanquished Creatures
  An unseen horror (D:7)
  Joseph (D:7)
  Maurice (D:8)
  A spriggan (D:7)
  A water moccasin (D:7)
  2 orc warriors
  7 ogres
  2 sky beasts
  2 centaurs
  2 big kobolds
  2 bullfrogs (D:8)
  A wyvern zombie (D:7)
  3 scorpions
  A crimson imp (D:5)
  The ghost of sleeves the Caller, a weakling DESu (D:3)
  3 hounds
  2 centaur skeletons
  2 jellies
  A gnoll shaman (D:6)
  An orc priest (D:8)
  A bullfrog skeleton (D:8)
  An orc wizard (D:6)
  7 worker ants
  Robin (D:2)
  5 gnolls (D:6)
  A howler monkey skeleton (D:5)
  9 adders
  An ooze (D:6)
  4 worms
  4 dart slugs
  3 leopard geckos
  11 orcs
  7 giant cockroaches
  18 goblins
  8 hobgoblins
  6 jackals
  10 kobolds
  2 quokkas
  6 bats
  4 frilled lizards
  A leopard gecko skeleton (D:5)
  3 quokka zombies
  5 rats
155 creatures vanquished.

Vanquished Creatures (others)
  A leopard gecko (D:8)
  A kobold (D:7)
2 creatures vanquished.

Grand Total: 157 creatures vanquished

Notes
Turn   | Place    | Note
-------+----------+-------------------------------------------
     0 | D:1      | Dfrag the Demonspawn Fire Elementalist began the quest for the Orb.
     0 | D:1      | Reached XP level 1. HP: 13/13 MP: 3/3
   256 | D:1      | Gained mutation: You have sharp fingernails. [demonic ancestry]
   256 | D:1      | Reached XP level 2. HP: 19/19 MP: 3/5
  1293 | D:2      | Reached XP level 3. HP: 19/24 MP: 2/6
  1299 | D:2      | Noticed Robin
  1515 | D:2      | Killed Robin
  1519 | D:2      | Got a faintly humming helmet
  1526 | D:2      | Identified the +1 helmet of Anarchy {rElec rC+ rCorr} (You took it off Robin on level 2 of the Dungeon)
  1721 | D:2      | Gained mutation: You are partially covered in molten scales. (AC +2) [demonic ancestry]
  1721 | D:2      | Reached XP level 4. HP: 28/30 MP: 8/8
  2417 | D:3      | Found a white marble altar of Elyvilon.
  2590 | D:3      | Noticed sleeves's ghost (weakling DESu)
  2663 | D:3      | Killed sleeves's ghost
  2663 | D:3      | Gained mutation: You regenerate a little health from kills. [demonic ancestry]
  2663 | D:3      | Reached XP level 5. HP: 30/35 MP: 3/9
  2908 | D:4      | Found Ynurghapp's Armour Shoppe.
  2929 | D:4      | Noticed an ogre
  2934 | D:4      | Killed an ogre
  2950 | D:4      | Learned a level 3 spell: Conjure Flame
  2955 | D:4      | Learned a level 4 spell: Sticky Flame
  3133 | D:4      | Noticed an ogre
  3137 | D:4      | Killed an ogre
  3137 | D:4      | Gained mutation: You regenerate health from kills. [demonic ancestry]
  3137 | D:4      | Reached XP level 6. HP: 41/41 MP: 4/11
  3353 | D:4      | Found Ybridghos's Book Boutique.
  3849 | D:5      | Entered Level 5 of the Dungeon
  3849 | D:5      | Noticed a sky beast
  3853 | D:5      | Killed a sky beast
  3853 | D:5      | Reached XP level 7. HP: 42/46 MP: 8/13
  3919 | D:5      | Reached skill level 5 in Fire Magic
  4171 | D:5      | Reached skill level 5 in Spellcasting
  4216 | D:5      | Reached skill level 5 in Conjurations
  4224 | D:5      | Found a shadowy altar of Dithmenos.
  4577 | D:6      | Reached XP level 8. HP: 27/52 MP: 3/16
  4754 | D:6      | Found a staircase to the Ecumenical Temple.
  4787 | Temple   | Entered the Ecumenical Temple
  4791 | Temple   | Became a worshipper of Vehumet
  5646 | D:7      | Reached * piety under Vehumet
  5646 | D:7      | Offered knowledge of Magic Dart by Vehumet.
  5748 | D:7      | Reached XP level 9. HP: 45/57 MP: 9/18
  5757 | D:7      | Learned a level 5 spell: Fireball
  6029 | D:7      | Noticed Joseph
  6051 | D:7      | Noticed an unseen horror
  6053 | D:7      | Killed an unseen horror
  6461 | D:7      | Killed Joseph
  6854 | D:8      | Found a hazy altar of Hepliaklqana.
  6874 | D:8      | Noticed Maurice
  6881 | D:8      | Killed Maurice
  7131 | D:8      | Noticed Erica
  7150 | D:8      | Killed from afar by Erica

Skill      XL: |  1  2  3  4  5  6  7  8  9 |
---------------+----------------------------+-----
Fire Magic     | 3 4 5 6 8 |  8.0
Conjurations   | 2 3 4 5 6 8 |  8.2
Spellcasting   | 3 4 5 6 7 |  7.8
Dodging        | |  1.7
Stealth        | |  1.7

Action                   |  1- 3 |  4- 6 |  7- 9 || total
-------------------------+-------+-------+-------++-------
Melee: Unarmed           |    26 |       |       ||    26
       Falchion          |    21 |    47 |   113 ||   181
 Cast: Flame Tongue      |    51 |    63 |   111 ||   225
       Sticky Flame      |       |     4 |    40 ||    44
       Conjure Flame     |       |       |     2 ||     2
  Use: Scroll            |       |       |     9 ||     9
       Potion            |       |       |     5 ||     5
 Stab: Sleeping          |       |     3 |     2 ||     5
  Eat: Chunk             |     3 |     7 |    17 ||    27
Armor: Robe              |    13 |    68 |    56 ||   137
Dodge: Dodged            |    62 |    78 |   124 ||   264
       Deflected         |       |       |    11 ||    11
Block: Other             |       |       |    34 ||    34
       Reflection        |       |       |     4 ||     4
       Rpst.: Falchion   |     6 |    28 |    35 ||    69
